 Dungeon Crawl Stone Soup version 0.22.0-38-g04b72b8 (webtiles) character file.

25 ultracola the Sneak (level 2, -4/11 HPs)
             Began as a Felid Enchanter on Aug 30, 2018.
             Slain by a worm (6 damage)
             ... on level 1 of the Dungeon.
             The game lasted 00:02:42 (1432 turns).

ultracola the Sneak (Felid Enchanter)               Turns: 1432, Time: 00:02:43

Health: -4/11      AC:  1    Str:  4    XL:     2   Next: 82%
Magic:  2/6        EV: 18    Int: 16    God:
Gold:   73         SH:  0    Dex: 16    Spells: 2/5 levels left
                                        Lives:  0   Deaths: 0

rFire    . . .     SeeInvis +     - Unarmed
rCold    . . .     Gourm    .   (shield unavailable)
rNeg     . . .     Faith    .   (armour unavailable)
rPois    .         Spirit   .   (helmet unavailable)
rElec    .         Reflect  .   (cloak unavailable)
rCorr    .         Harm     .   (gloves unavailable)
MR       .....                  (boots unavailable)
Stlth    +++.......             (no amulet)
HPRegen  0.03/turn              (no ring)
MPRegen  0.10/turn              (no ring)

@: quick
A: very small, no armour, no weapons or thrown items, stealth, claws 1, fangs 3,
see invisible, carnivore, speed 1, shaggy fur 1, slow metabolism 1, sharp paws
a: no special abilities


You were on level 1 of the Dungeon.
You were full.

You visited 1 branch of the dungeon, and saw 2 of its levels.

You collected 73 gold pieces.

Inventory:

Scrolls
 a - a scroll of enchant armour {unknown}
 f - 2 scrolls of identify {unknown}
 g - a scroll of teleportation {unknown}
 h - a scroll of magic mapping {unknown}
 j - a scroll of fog {unknown}
Potions
 c - a potion of mutation {unknown}
 d - 3 potions of brilliance
 e - a potion of resistance {unknown}
 i - a potion of curing {unknown}
Comestibles
 b - 3 rations


   Skills:
 - Level 2.6 Dodging
 + Level 4.9 Stealth
 + Level 2.1 Unarmed Combat
 - Level 2.0 Spellcasting
 - Level 4.4 Hexes


You had 2 spell levels left.
You knew the following spells:

 Your Spells              Type           Power        Failure   Level  Hunger
a - Corona                Hex            ###....      3%          1    #......
b - Ensorcelled Hibernat  Hex/Ice        #.....       13%         2    ###....

Your spell library contained the following spells:

 Spells                   Type           Power        Failure   Level  Hunger
 Confuse                  Hex            ###.....     11%         3    ###....
 Tukima's Dance           Hex            ###.....     11%         3    ###....
 Dazzling Spray           Conj/Hex       #.....       26%         3    ###....


Dungeon Overview and Level Annotations

Branches:
Dungeon (2/15)

Altars:


Innate Abilities, Weirdness & Mutations

You cannot wear armour.
You are incapable of wielding weapons or throwing items.
Your paws allow you to move quietly. (Stealth)
You have sharp claws.
You have razor-sharp teeth.
You have supernaturally acute eyesight. (SInv)
You are carnivorous and can eat meat at any time.
You cover ground quickly.
You are covered in fur. (AC +1)
You have a slow metabolism.
Your sharp claws are effective at attacking unaware monsters.


Message History

Press: ? - help, Shift-Dir - straight line, f/p - worm
Aim: a worm (chance to defeat MR: 61%)
The worm is outlined in light.
Casting: Corona (safe; 3% risk of failure)
Confirm with . or Enter, or press ? or * to list all spells.
Aiming: Ensorcelled Hibernation (safe; 13% risk of failure)
Press: ? - help, Shift-Dir - straight line, f/p - worm
Aim: a worm (softly glowing, chance to defeat MR: 49%)
The worm looks drowsy...
The helpless worm fails to defend itself.
You claw the worm!
The worm is almost dead.
The worm bites you!
Ouch! That really hurt!
* * * LOW HITPOINT WARNING * * *
You scratch the worm but do no damage.
The worm is almost dead.
The worm bites you.
Ouch! That really hurt!
You die...

##...>...#....'§.§§§...#
#.............'..§....<#
#........##...#≈≈≈§§####
#........##...#§≈#≈≈≈≈§≈
#.........#...##§≈≈≈≈≈≈§≈
###...##...#..##§§≈≈≈#≈≈≈
###.........###≈≈≈§≈≈≈≈
###.w#...## ###≈≈≈≈≈§
##@##[.############
#####.#...............
#..............######.
#######.###..^.....##.
##..###.......)...
#.........####....
#########....#....
####.##... #......


You could see a worm.

Vanquished Creatures
  An adder (D:2)
  6 goblins
  2 hobgoblins (D:1)
  2 kobolds
  2 bats (D:1)
  3 frilled lizards (D:1)
16 creatures vanquished.

Notes
Turn   | Place    | Note
-------+----------+-------------------------------------------
     0 | D:1      | ultracola the Felid Enchanter began the quest for the Orb.
     0 | D:1      | Reached XP level 1. HP: 7/7 MP: 4/4
   399 | D:1      | Reached XP level 2. HP: 11/11 MP: 6/6
   403 | D:1      | Learned a level 2 spell: Ensorcelled Hibernation
  1432 | D:1      | Slain by a worm

Skill      XL: |  1  2 |
---------------+-------+-----
Unarmed Combat | 2 |  2.1
Dodging        | |  2.6
Stealth        | |  4.9
Spellcasting   | |  2.0
Hexes          | |  4.4

Action                   || total
-------------------------++-------
Melee: Unarmed           ||    36
       Punch             ||     2
       Bite              ||     1
 Cast: Corona            ||     4
       Ensorcelled Hiber ||    13
  Use: Potion            ||     1
 Stab: Sleeping          ||    14
  Eat: Chunk             ||     6
Dodge: Dodged            ||    30
